 Dungeon Crawl Stone Soup version 0.24.0-13-gcf9b3192b9 (webtiles) character file.

Game seed: 1073581469794962871, levelgen mode: deterministic

28 Ge0ff the Vandal (level 3, 0/26 HPs)
             Began as a Barachi Arcane Marksman on Nov 10, 2019.
             Slain by an adder zombie (2 damage)
             ... on level 3 of the Dungeon.
             The game lasted 00:02:39 (2800 turns).

Ge0ff the Vandal (Barachi Arcane Marksman)          Turns: 2800, Time: 00:02:39

Health: 0/26       AC:  2    Str: 12    XL:     3   Next: 12%
Magic:  4/4        EV: 12    Int: 13    God:
Gold:   23         SH:  0    Dex: 12    Spells: 3/4 levels left

rFire    . . .     SeeInvis .   u - -1 dagger (curse)
rCold    . . .     Gourm    .   (no shield)
rNeg     . . .     Faith    .   e - +0 robe
rPois    .         Spirit   .   (no helmet)
rElec    .         Reflect  .   (no cloak)
rCorr    .         Harm     .   (no gloves)
MR       .....                  (no boots)
Stlth    +.........             (no amulet)
HPRegen  0.08/turn              (no ring)
MPRegen  0.09/turn              (no ring)

@: slow
A: +LOS, swims, slowness 1, strong legs 1
a: Hop


You were on level 3 of the Dungeon.
You were not hungry.

You visited 1 branch of the dungeon, and saw 3 of its levels.

You collected 23 gold pieces.

Inventory:

Hand Weapons
 a - a +0 hunting sling
 b - a +2 dagger of holy wrath
 u - a cursed -1 dagger (weapon)
Missiles
 d - 35 sling bullets
 S - 8 poisoned darts (quivered)
 U - 24 stones
 Y - 28 arrows
Armour
 e - a +0 robe (worn)
Jewellery
 X - an uncursed ring of resist corrosion {unknown}
Scrolls
 T - 2 scrolls of teleportation
 Z - a scroll of amnesia
Potions
 A - a potion of agility
 L - a potion of lignification
 V - a potion of heal wounds {unknown}
 W - a potion of flight {unknown}
Comestibles
 r - 2 rations
 R - a chunk of flesh


   Skills:
 - Level 1.2 Fighting
 + Level 3.5 Slings
 - Level 2.1 Dodging
 - Level 1.1 Spellcasting
 - Level 3.2 Hexes


You had 3 spell levels left.
You knew the following spells:

 Your Spells              Type           Power        Failure   Level  Hunger
a - Corona                Hex            #......      8%          1    ##.....

Your spell library contained the following spells:

 Spells                   Type           Power        Failure   Level  Hunger
 Slow                     Hex            #.......     11%         2    ###....
 Inner Flame              Hex/Fire       #.......     38%         3    ####...
 Portal Projectile        Hex/Tloc       #.....       38%         3    ####...
 Cause Fear               Hex            #.........   58%         4    #####..
 Leda's Liquefaction      Hex/Erth       #.........   80%         4    #####..


Dungeon Overview and Level Annotations

Branches:
Dungeon (3/15)

Altars:
Elyvilon


Innate Abilities, Weirdness & Mutations

Shadows flee at your approach. (+LOS)
You can swim through water.
You cover ground slowly.
You can hop short distances.


Message History

You closely miss the adder zombie.
The adder zombie is heavily damaged.
The adder zombie misses you.
You hit the adder zombie.
The adder zombie is heavily damaged.
The adder zombie barely misses you.
You hit the adder zombie.
The adder zombie is severely damaged.
The adder zombie bites you.
* * * LOW HITPOINT WARNING * * *
You hit the adder zombie.
The adder zombie is almost destroyed.
The adder zombie closely misses you.
You barely miss the adder zombie.
The adder zombie is almost destroyed.
The adder zombie barely misses you.
You closely miss the adder zombie.
The adder zombie is almost destroyed.
The adder zombie bites you.
You die...

######
######....#..#..
#..@Z(..........
#.####(....###..
##.###......#
#.<..#......#
#.......#......#
+..............#
#.....####.#####
#.....# #.#
#.....# #..


You could see an adder zombie.

Vanquished Creatures
  A dart slug (D:1)
  2 giant cockroaches
  3 goblins (D:2)
  2 hobgoblins (D:2)
  3 jackals (D:3)
  4 bats
  5 kobolds
  3 rats
23 creatures vanquished.

Vanquished Creatures (others)
  A rat (D:2)
1 creature vanquished.

Grand Total: 24 creatures vanquished

Notes
Turn   | Place    | Note
-------+----------+-------------------------------------------
     0 | D:1      | Ge0ff the Barachi Arcane Marksman began the quest for the
                  | Orb.
     0 | D:1      | Reached XP level 1. HP: 15/15 MP: 2/2
   658 | D:1      | Reached XP level 2. HP: 12/21 MP: 3/3
  1207 | D:2      | Found a white marble altar of Elyvilon.
  2662 | D:3      | Reached XP level 3. HP: 20/26 MP: 4/4
  2797 | D:3      | HP: 1/26 [adder zombie (4)]
  2800 | D:3      | Slain by an adder zombie

Levels and vault maps discovered:
D:1:      elethiomel_arrival_shortcut, layout_basic
D:2:      layout_basic, elyvilon_altar_4, chequers_serial_rivers_micro_b
D:3:      layout_basic, overflow_temple_1_default

Skill      XL: |  1  2 |
---------------+-------+-----
Slings         | 3 |  3.5
Fighting       | |  1.2
Dodging        | |  2.1
Spellcasting   | |  1.1
Hexes          | |  3.2

Action                   || total
-------------------------++-------
Melee: Dagger            ||   161
 Fire: Hunting sling     ||     3
Throw: Stone             ||     5
       Dart              ||     8
  Use: Scroll            ||     4
 Stab: Sleeping          ||     1
  Eat: Chunk             ||     7
Armor: Robe              ||    32
Dodge: Dodged            ||   110

Levels and vault maps discovered:
D:1:      elethiomel_arrival_shortcut, layout_basic
D:2:      layout_basic, elyvilon_altar_4, chequers_serial_rivers_micro_b
D:3:      layout_basic, overflow_temple_1_default
